 Dungeon Crawl Stone Soup version 0.27-b1-42-g19c61b19a5 (webtiles) character file.

Game seed: 4522341849291716270

3295 DildoBatman the Magician (level 10, 0/74 HPs)
             Began as a Formicid Conjurer on July 30, 2021.
             Was a Priest of Kikubaaqudgha.
             Shot with an arrow by a centaur (13 damage)
             ... on level 8 of the Dungeon.
             The game lasted 00:30:30 (7453 turns).

DildoBatman the Magician (Formicid Conjurer)        Turns: 7453, Time: 00:30:31

Health: 0/74       AC:  3    Str: 11    XL:     10   Next: 20%
Magic:  6/20       EV: 12    Int: 19    God:    Kikubaaqudgha [***...]
Gold:   329        SH:  0    Dex: 12    Spells: 6/23 levels left

rFire    . . .     SeeInvis +   a - +0 hunting sling
rCold    + . .     Faith    +   (no shield)
rNeg     + . .     Spirit   .   d - +1 robe {rN+}
rPois    +         Reflect  .   (helmet unavailable)
rElec    .         Harm     .   B - scarf {+Inv}
rCorr    .         Rampage  .   (no gloves)
Will     +....                  (no boots)
Stlth    ++........             k - amulet of faith
HPRegen  0.22/turn              A - ring of poison resistance
MPRegen  0.17/turn              M - ring of protection from cold

@: no status effects
A: permanent stasis, dig shafts and tunnels, antennae 3, four strong arms
a: Dig, Shaft Self, Renounce Religion, Evoke Invisibility, Receive Corpses


You were on level 8 of the Dungeon.
You worshipped Kikubaaqudgha.
Kikubaaqudgha was most pleased with you.
You visited 2 branches of the dungeon, and saw 9 of its levels.

You collected 378 gold pieces.
You spent 49 gold pieces at shops.

Inventory:

Hand Weapons
 a - a +0 hunting sling (weapon)
 b - a +2 dagger of venom
 G - a +0 dagger of electrocution
Missiles
 c - 19 poisoned darts
 f - 168 stones (quivered ammo)
 h - 10 atropa-tipped darts
 l - 7 boomerangs
 r - 107 bolts
 x - 81 sling bullets
 E - 55 arrows
 I - 3 boomerangs of dispersal
Armour
 d - a +1 robe of positive energy (worn)
 B - a scarf of invisibility (worn)
Jewellery
 k - an amulet of faith (around neck)
 A - a ring of poison resistance (left hand)
 L - an amulet of magic regeneration
 M - a ring of protection from cold (right hand)
Wands
 C - a wand of charming (15)
 F - a wand of iceblast (10)
 J - a wand of mindburst (10)
 K - a wand of digging (4)
Scrolls
 n - 2 scrolls of enchant weapon {unknown}
 o - a scroll of noise {unknown}
 p - a scroll of blinking {unknown}
 q - a scroll of holy word {unknown}
 s - 2 scrolls of amnesia {unknown}
 w - 2 scrolls of enchant armour {unknown}
 z - 5 scrolls of identify
 H - a scroll of magic mapping
Potions
 e - a potion of ambrosia {unknown}
 g - 4 potions of heal wounds
 i - a potion of brilliance {unknown}
 j - 5 potions of flight
 m - 2 potions of attraction {unknown}
 t - a potion of might {unknown}
 u - 2 potions of invisibility {unknown}
 v - a potion of magic {unknown}
 y - a potion of cancellation {unknown}
 D - a potion of mutation {unknown}


   Skills:
 - Level 5.0 Fighting
 - Level 5.0 Armour
 - Level 3.0 Dodging
 - Level 2.4 Stealth
 - Level 7.0 Spellcasting
 - Level 6.0 Conjurations
 * Level 7.0 Necromancy
 * Level 4.4 Earth Magic


You had 6 spell levels left.
You knew the following spells:

 Your Spells              Type           Power      Damage    Failure   Level
a - Borgnjor's Vile Clut  Necr/Erth      14%        N/A       26%         5
c - Searing Ray           Conj           58%        3d5       1%          2
d - Vampiric Draining     Necr           16%        2d8       1%          3
f - Magic Dart            Conj           100%       1d8       1%          1
h - Dispel Undead         Necr           33%        3d14      5%          4
z - Sublimation of Blood  Necr           16%        N/A       1%          2

Your spell library contained the following spells:

 Spells                   Type           Power      Damage    Failure   Level
 Pain                     Necr           100%       1d9       1%          1
 Corpse Rot               Necr/Air       N/A        N/A       3%          2
 Animate Dead             Necr           16%        N/A       5%          4
 Dazzling Flash           Conj/Hex       36%        N/A       9%          3
 Poisonous Vapours        Pois/Air       12%        N/A       16%         2
 Agony                    Necr           33%        N/A       16%         5
 Excruciating Wounds      Necr           16%        N/A       16%         5
 Fulminant Prism          Conj/Hex       9%         3d7       28%         4
 Iskenderun's Mystic Bla  Conj/Tloc      18%        2d6       28%         4
 Death Channel            Necr           16%        N/A       65%         6
 Freezing Cloud           Conj/Ice/Air   7%         6-21      77%         5
 Manifold Assault         Tloc           6%         N/A       95%         5
 Simulacrum               Ice/Necr       10%        N/A       98%         6
 Storm Form               Tmut/Air       3%         N/A       100%        7
 Blink                    Tloc           Unusable   N/A       N/A         2

Dungeon Overview and Level Annotations

Branches:
Dungeon (8/15)             Temple (1/1) D:5
   Lair: D:8-11

Altars:
Ashenzari
Cheibriados
Dithmenos
Elyvilon
Fedhas
Gozag
Hepliaklqana
Kikubaaqudgha
Makhleb
Nemelex Xobeh
Okawaru
Qazlal
Ru
Sif Muna
Trog
Uskayaw
Wu Jian
Yredelemnul
Zin
The Shining One

Shops:
D:2 =   D:5 *   D:7 :[?(

Annotations:
D:5 exclusion: skeletal warrior
D:6 exclusions: 3 skeletal warriors and 1 more exclusion
D:7 1 exclusion


Innate Abilities, Weirdness & Mutations

You cannot be hasted, slowed, berserked, paralysed or teleported.
You can dig through walls and to a lower floor.
You have a pair of large antennae on your head. (SInv)
Your four strong arms can wield two-handed weapons with a shield.


Message History

Casting: Searing Ray (safe; 1% risk of failure)
Confirm with . or Enter, or press ? or * to list all spells.
Aiming: Searing Ray (safe; 1% risk of failure)
Press: ? - help, Shift-Dir - straight line, f - centaur
Aim: a centaur, wielding a +0 shortbow and quivering arrows (87% to hit)
The searing ray hits the centaur.
The centaur is moderately wounded. (Press . to maintain the ray.)
A killer bee zombie comes into view.
The searing ray hits the centaur.
The centaur is severely wounded.
The howler monkey hoots and howls with incredible vigour!
The centaur shoots an arrow.
The arrow hits you!
You hear a shout!
The searing ray misses the centaur.
The centaur shoots an arrow.
The arrow hits you.
The centaur shoots an arrow.
The arrow hits you.
The searing ray hits the centaur.
The centaur is almost dead.
You finish channeling your searing ray.
The centaur shoots an arrow.
The arrow hits you!
Casting: Searing Ray (safe; 1% risk of failure)
Confirm with . or Enter, or press ? or * to list all spells.
Aiming: Searing Ray (safe; 1% risk of failure)
Press: ? - help, Shift-Dir - straight line, f - howler monkey, p - centaur
Aim: a howler monkey (77% to hit)
The searing ray misses the centaur.
The searing ray hits the howler monkey.
The howler monkey is moderately wounded. (Press . to maintain the ray.)
The centaur shoots an arrow.
The arrow hits you!
The centaur shoots an arrow.
The arrow hits you!
You die...
Kikubaaqudgha rasps: "You have failed me!
Welcome... death!"

.. . (( . .( .# ##.#
##.## #.c.#....
..###...... .....$.#.#
### ..
.[.....@.####...##....
.##..#...##......#....#
# #........#........
##......##........
#........P.P....P.
#...........P.P...
##................
##.......P.....P.P.
###.......P.P.##+#P.


You could see a centaur.

Vanquished Creatures
  Sigmund (D:3)
  3 orc warriors (D:7)
  A hornet zombie (D:6)
  2 necrophages
  2 ogres (D:4)
  2 black bears
  2 centaurs
  A phantom (D:6)
  4 bullfrogs
  2 gnoll sergeants
  A wyvern zombie (D:7)
  2 scorpions
  5 killer bees (D:8)
  A howler monkey (D:8)
  A bullfrog zombie (D:7)
  A centaur zombie (D:7)
  4 hounds
  A jelly (D:5)
  A bullfrog skeleton (D:5)
  4 orc priests
  3 centaur skeletons
  An iguana (D:6)
  16 orc wizards
  A killer bee zombie (D:5)
  A hound zombie (D:5)
  A hound skeleton (D:4)
  A howler monkey zombie (D:5)
  14 gnolls
  A howler monkey skeleton (D:5)
  4 adders
  A white imp (D:7)
  An adder skeleton (D:4)
  4 worms
  3 dart slugs
  19 orcs
  4 ball pythons
  4 endoplasms
  5 giant cockroaches
  7 goblins
  8 hobgoblins
  6 jackals
  3 quokkas
  4 bats
  4 frilled lizards
  8 kobolds
  4 rats
169 creatures vanquished.

Vanquished Creatures (others)
  6 fungi (D:8)
  5 plants (D:8)
11 creatures vanquished.

Grand Total: 180 creatures vanquished

Notes
Turn   | Place    | Note
-------+----------+-------------------------------------------
     0 | D:1      | DildoBatman the Formicid Conjurer began the quest for the
                  | Orb.
     0 | D:1      | Reached XP level 1. HP: 13/13 MP: 3/3
   169 | D:1      | Reached XP level 2. HP: 19/19 MP: 3/5
   175 | D:1      | Learned a level 2 spell: Searing Ray
   353 | D:1      | Reached XP level 3. HP: 19/24 MP: 2/6
   472 | D:1      | You fall into a shaft and drop 1 floor!
   538 | D:2      | Found Emophoar's Jewellery Shoppe.
   675 | D:2      | Found a faded altar of an unknown god.
   745 | D:2      | Reached XP level 4. HP: 14/30 MP: 1/7
  1006 | D:2      | Reached skill level 5 in Conjurations
  1259 | D:3      | Noticed Sigmund
  1553 | D:3      | Found an iron altar of Okawaru.
  1574 | D:3      | Reached XP level 5. HP: 35/35 MP: 1/8
  2101 | D:4      | Noticed an ogre
  2109 | D:4      | Killed an ogre
  2110 | D:4      | Reached skill level 1 in Fighting
  2110 | D:4      | Reached skill level 1 in Armour
  2110 | D:4      | Reached XP level 6. HP: 43/43 MP: 1/9
  2671 | D:4      | Found a white marble altar of Elyvilon.
  2671 | D:4      | Found a glowing silver altar of Zin.
  2672 | D:4      | Noticed an ogre
  2776 | D:4      | Noticed a necrophage
  2810 | D:4      | Killed a necrophage
  2811 | D:4      | Reached XP level 7. HP: 50/50 MP: 3/12
  2817 | D:4      | Found a shadowy altar of Dithmenos.
  2992 | D:5      | Entered Level 5 of the Dungeon
  2992 | D:5      | Found a staircase to the Ecumenical Temple.
  3002 | Temple   | Entered the Ecumenical Temple
  3093 | Temple   | Became a worshipper of Kikubaaqudgha
  3414 | D:3      | Killed Sigmund
  3415 | D:3      | Reached skill level 5 in Spellcasting
  3594 | D:5      | Reached XP level 8. HP: 38/56 MP: 12/17
  3663 | D:5      | Found a hazy altar of Hepliaklqana.
  3909 | D:5      | Reached * piety under Kikubaaqudgha
  3909 | D:5      | Received a gift from Kikubaaqudgha
  4145 | D:5      | Found Pujoas's General Store.
  4159 | D:5      | Learned a level 2 spell: Sublimation of Blood
  4163 | D:5      | Learned a level 3 spell: Vampiric Draining
  4312 | D:6      | Reached skill level 1 in Necromancy
  4631 | D:6      | Reached XP level 9. HP: 35/64 MP: 13/19
  5066 | D:7      | Reached ** piety under Kikubaaqudgha
  5187 | D:7      | Found Egotivon's Antique Weapon Shoppe.
  5304 | D:7      | Found Myfis's Magic Scroll Emporium.
  5312 | D:7      | Found a snail-covered altar of Cheibriados.
  5316 | D:7      | Bought a scroll of magic mapping for 49 gold pieces
  5407 | D:7      | Found Folleck's Book Shop.
  5466 | D:7      | Reached skill level 5 in Fighting
  5466 | D:7      | Reached skill level 5 in Armour
  5530 | D:7      | Noticed a skeletal warrior
  5570 | D:7      | Found Koblein's Antique Armour Shoppe.
  5645 | D:7      | Noticed a skeletal warrior
  5645 | D:7      | Noticed a skeletal warrior
  5875 | D:7      | Reached skill level 5 in Necromancy
  6325 | D:7      | Noticed a skeletal warrior
  6706 | D:7      | Found a sacrificial altar of Ru.
  6713 | D:7      | Found a stormy altar of Qazlal.
  7105 | D:7      | Learned a level 5 spell: Borgnjor's Vile Clutch
  7117 | D:7      | Reached skill level 1 in Earth Magic
  7182 | D:8      | Reached XP level 10. HP: 51/74 MP: 11/20
  7202 | D:8      | Reached *** piety under Kikubaaqudgha
  7202 | D:8      | Received a gift from Kikubaaqudgha
  7222 | D:8      | Learned a level 4 spell: Dispel Undead
  7453 | D:8      | Shot with an arrow by a centaur

Illustrated notes

Levels and vault maps discovered:
D:1:      zelgadis_glass_arrival_small, layout_rooms
D:2:      layout_rooms, hellmonk_ecumenical_altar_lost_god, serial_shops,
          nicolae_square_shop
D:3:      layout_basic, mainiacjoe_overflow_24_doors, uniq_sigmund
D:4:      layout_basic, grunt_dithmenos_smoke, jmf_multi_god_temple,
          serial_corexii_hall, corexii_hall_statues_x, corexii_hall_statues_t,
          chequers_hall_statues_corner_a, corexii_hall_statues_u
D:5:      layout_basic, mainiacjoe_overflow_brackets,
          minmay_temple_entry_arrows, serial_shops, shop,
          minmay_misc_feat_pillars, minmay_misc_feat_diagonals
D:6:      minmay_flawed_box, layout_cave_pools
D:7:      layout_basic, minitemple, kennysheep_slug_shrine, serial_shops, shop,
          shop, shop, nicolae_shop_overgrown_old_shop, st_stairs_14
D:8:      layout_cave_pools, grunt_lair_entry_orc_guard_hut
Temple:   nicolae_temple_hex_pool

Skill      XL: |  1  2  3  4  5  6  7  8  9 10 |
---------------+-------------------------------+-----
Conjurations   | 4 5 6 |  6.0
Fighting       | 1 2 3 5 |  5.0
Armour         | 1 2 3 5 |  5.0
Spellcasting   | 3 6 7 |  7.0
Dodging        | 2 3 |  3.0
Necromancy     | 2 6 7 |  7.0
Earth Magic    | 2 4 |  4.4
Stealth        | |  2.4

Action                   |  1- 3 |  4- 6 |  7- 9 | 10-12 || total
-------------------------+-------+-------+-------+-------++-------
Melee: Club              |     2 |       |       |       ||     2
       Whip              |     9 |       |       |       ||     9
       Short sword       |     3 |       |       |       ||     3
 Fire: Hunting sling     |       |    22 |    91 |    21 ||   134
 Cast: Magic Dart        |    19 |    13 |     8 |     1 ||    41
       Searing Ray       |    13 |    24 |    72 |    15 ||   124
       Vampiric Draining |       |       |     1 |       ||     1
 Abil: Dig               |     6 |     9 |    23 |     1 ||    39
  Use: Scroll            |       |       |     4 |       ||     4
Armor: Robe              |     6 |     7 |    16 |     1 ||    30
Dodge: Dodged            |    33 |     9 |    67 |     8 ||   117
